 Dungeon Crawl Stone Soup version 0.22.0-78-g6c94d2c (webtiles) character file.

21531 MalarOregon the Cleaver (level 12, -5/172 HPs)
             Began as a Hill Orc Berserker on Sept 16, 2018.
             Was a High Priest of Trog.
             Slain by a bone dragon (15 damage)
             ... on level 1 of the Abyss.
             The game lasted 00:18:33 (10539 turns).

MalarOregon the Cleaver (Hill Orc Berserker)       Turns: 10539, Time: 00:18:34

Health: -5/172     AC: 18    Str: 36    XL:     12   Next: 91%
Magic:  16/16      EV: 13    Int:  7    God:    Trog [*****.]
Gold:   776        SH:  0    Dex: 10    Spells: 11/11 levels left

rFire    . . .     SeeInvis .   G - +3 executioner's axe (chop)
rCold    + . .     Gourm    .   (shield currently unavailable)
rNeg     . . .     Faith    .   p - +1 scale mail of Udinalu {rElec rC+ Str+2}
rPois    .         Spirit   .   y - +0 helmet
rElec    +         Reflect  .   f - +2 cloak
rCorr    .         Harm     .   H - +0 pair of gloves
MR       ++...                  m - +0 pair of boots
Stlth    ..........             (no amulet)
HPRegen  1.38/turn              s - +4 ring of strength
MPRegen  0.15/turn              w - +4 ring of slaying

@: berserking, regenerating, very quick
A: no striking features
a: Berserk, Trog's Hand, Brothers in Arms, Renounce Religion


You were on level 1 of the Abyss.
You worshipped Trog.
Trog was extremely pleased with you.
You were near starving.

You visited 3 branches of the dungeon, and saw 13 of its levels.
You visited the Abyss 1 time.

You collected 776 gold pieces.

Inventory:

Hand Weapons
 u - the +5 hand axe "Ultimatum" {flame, rN++ Int-3}
   (You found it on level 4 of the Dungeon)

   It has been specially enchanted to burn those struck by it, causing extra
   injury to most foes and up to half again as much damage against particularly
   susceptible opponents.
   Big, fiery blades are also staple armaments of hydra-hunters.
   It affects your intelligence (-3).
   It greatly protects you from negative energy.
 G - a +3 executioner's axe of chopping (weapon)
Armour
 f - a +2 cloak (worn)
 m - a +0 pair of boots (worn)
 p - the +1 scale mail of Udinalu (worn) {rElec rC+ Str+2}
   (You found it on level 7 of the Dungeon)

   It affects your strength (+2).
   It protects you from cold.
   It insulates you from electricity.
 y - a +0 helmet (worn)
 H - a +0 pair of gloves (worn)
Jewellery
 q - an uncursed ring of see invisible
 s - a +4 ring of strength (left hand)
 w - a +4 ring of slaying (right hand)
 J - an uncursed ring of protection from cold
Wands
 e - a wand of random effects (30)
 o - a wand of polymorph (7)
 v - a wand of paralysis (7)
 E - a wand of iceblast (10)
Scrolls
 g - 4 scrolls of teleportation
 i - a scroll of acquirement {unknown}
 n - a scroll of magic mapping
 z - 2 scrolls of silence {unknown}
 C - 6 scrolls of identify
 F - a scroll of immolation {unknown}
Potions
 a - a potion of lignification
 b - 3 potions of invisibility {unknown}
 d - 5 potions of heal wounds {unknown}
 h - 2 potions of cancellation
 j - a potion of mutation {unknown}
 k - a potion of degeneration {unknown}
 l - 6 potions of curing
 x - 3 potions of ambrosia {unknown}
 A - a potion of resistance
 D - a potion of brilliance {unknown}
Comestibles
 c - 25 rations
 r - 4 chunks of flesh


   Skills:
 * Level 13.0 Fighting
 * Level 14.0 Axes
 * Level 11.9 Armour
 + Level 6.5 Dodging
 + Level 6.6 Evocations


You had 11 spell levels left.
You didn't know any spells.
Your spell library was empty.

Dungeon Overview and Level Annotations

Branches:
Dungeon (11/15)            Temple (1/1) D:6            Lair (1/6) D:8
    Orc: D:9-12

Altars:
Ashenzari
Cheibriados
Dithmenos
Elyvilon
Fedhas
Gozag
Hepliaklqana
Kikubaaqudgha
Makhleb
Nemelex Xobeh
Okawaru
Qazlal
Ru
Sif Muna
Trog
Uskayaw
Vehumet
Wu Jian
Xom
Yredelemnul
Zin
The Shining One
Beogh

Shops:
D:4 [   D:11 :

Portals:
Trove: D:10 (give +3 shadow dragon scales)

Annotations:
Lair:1 Sonja


Message History

The cyan very ugly thing shocks you! You resist.
* * * LOW HITPOINT WARNING * * *
The cyan very ugly thing basks in the mutagenic energy from its kin and The bone dragon bites you but does no damage.
The bone dragon claws you.
* * * LOW HITPOINT WARNING * * *
The bone dragon completely misses you.
You slash the purple very ugly thing!
The purple very ugly thing is moderately wounded.
You closely miss the cyan very ugly thing.
You slice the cyan very ugly thing!!
You slice the bone dragon like a ripe choko!!!
You are near starving!
The cyan very ugly thing claws you but does no damage.
Your troll bites the cyan very ugly thing!
Your troll barely misses the cyan very ugly thing. x2
The cyan very ugly thing misses you. The bone dragon bites you!
* * * LOW HITPOINT WARNING * * *
The bone dragon claws you!
You die...

# . # # . #. .# .
.# .##. . #. .#
... #.#.##.#..
.#...#T.. ##
#.....#u##..#
##u@u#.# ##
#..D..# . # ..
#.##.#.#.## .#..
..#..#.#... . #
.### . #..#.# .
##. ..#...#....
.##........#.#.#..
#.## ..# .###. . #
..##.#.#.# ..#.


You could see a bone dragon, 3 very ugly things and a friendly troll (berserk).

Vanquished Creatures
  A great orb of eyes (Abyss:1)
  4 two-headed ogres
  Erica (D:8)
  A cyclops (D:11)
  A komodo dragon (Lair:1)
  A kobold demonologist (D:7)
  2 centaur skeletons (D:11)
  An efreet (D:9)
  4 trolls
  2 raiju (Abyss:1)
  5 hippogriffs
  Grinder (D:6)
  A wraith (D:10)
  A wyvern (D:11)
  15 yaks
  Eustachio (D:6)
  A hungry ghost (D:9)
  3 water moccasins
  Duvessa (D:6)
  5 ice beasts
  3 phantoms
  3 sky beasts (D:9)
  3 orc warriors
  2 eyes of draining
  2 black bears
  4 centaurs
  3 wolves (Lair:1)
  7 ogres
  2 big kobolds
  7 bullfrogs
  Dowan (D:6)
  A wyvern skeleton (D:8)
  3 scorpions
  6 killer bees
  20 wights
  2 howler monkeys (D:11)
  6 crimson imps
  2 centaur zombies
  2 quasits (Abyss:1)
  10 hounds
  6 jellies
  9 orc priests
  Ijyb (D:3)
  An iguana (D:7)
  13 orc wizards
  8 worker ants
  A killer bee zombie (D:10)
  A hound zombie (D:11)
  A worker ant zombie (D:10)
  A howler monkey skeleton (D:6)
  15 adders
  7 gnolls
  4 shadow imps
  An ufetubus (Abyss:1)
  6 oozes
  A worm (D:2)
  4 dart slugs
  4 leopard geckos
  58 orcs
  3 ball pythons
  12 bats
  5 giant cockroaches
  7 hobgoblins
  19 jackals
  2 quokkas
  4 frilled lizards
  A giant cockroach zombie (D:6)
  7 goblins
  A jackal zombie (D:8)
  13 kobolds
  2 leopard gecko skeletons
  5 rats
  7 fungi (D:8)
  2 plants (D:8)
  A starspawn tentacle (Abyss:1)
374 creatures vanquished.

Vanquished Creatures (collateral kills)
  A tentacled starspawn (Abyss:1)
  A two-headed ogre (D:7)
  2 starcursed masses (Abyss:1)
  A smoke demon (Abyss:1)
  2 raiju (Abyss:1)
  A black bear (D:8)
  An ogre (D:7)
  A necrophage (D:8)
  A small abomination (Abyss:1)
  2 orc priests
  6 orc wizards
  A worker ant (D:8)
  An adder (D:8)
  A leopard gecko (D:8)
  10 orcs
32 creatures vanquished.

Vanquished Creatures (others)
  A hippogriff (D:9)
  3 starspawn tentacles (Abyss:1)
4 creatures vanquished.

Grand Total: 410 creatures vanquished

Notes
Turn   | Place    | Note
-------+----------+-------------------------------------------
     0 | D:1      | MalarOregon the Hill Orc Berserker began the quest for the
                  | Orb.
     0 | D:1      | Reached XP level 1. HP: 19/19 MP: 1/1
   146 | D:1      | Reached XP level 2. HP: 22/27 MP: 2/2
   416 | D:1      | Reached XP level 3. HP: 24/33 MP: 3/3
   517 | D:1      | Reached ** piety under Trog
   938 | D:2      | Reached XP level 4. HP: 5/41 MP: 4/4
  1392 | D:2      | Reached skill level 5 in Axes
  1744 | D:3      | Reached XP level 5. HP: 47/47 MP: 5/5
  1917 | D:3      | Reached skill level 5 in Fighting
  1920 | D:3      | Reached *** piety under Trog
  2108 | D:3      | Noticed Ijyb
  2124 | D:3      | Killed Ijyb
  2124 | D:3      | Reached XP level 6. HP: 56/56 MP: 6/6
  2669 | D:4      | Reached skill level 6 in Axes
  2694 | D:4      | Found Gaul's Armour Shop.
  2884 | D:4      | Got a faintly glowing hand axe
  2885 | D:4      | Identified the +5 hand axe "Ultimatum" {flame, rN++ Int-3}
                  | (You found it on level 4 of the Dungeon)
  2899 | D:5      | Entered Level 5 of the Dungeon
  2988 | D:5      | Reached XP level 7. HP: 61/62 MP: 7/7
  3157 | D:5      | Reached **** piety under Trog
  3216 | D:5      | Reached skill level 5 in Armour
  3523 | D:6      | Reached skill level 7 in Axes
  3538 | D:6      | Reached XP level 8. HP: 42/71 MP: 8/8
  3601 | D:6      | Found a staircase to the Ecumenical Temple.
  3808 | D:6      | Found a bloodstained altar of Trog.
  3812 | D:6      | Reached skill level 8 in Axes
  3857 | D:6      | Found a deep blue altar of Sif Muna.
  4127 | D:6      | Noticed Dowan
  4127 | D:6      | Noticed Duvessa
  4134 | D:6      | Noticed Eustachio
  4140 | D:6      | Killed Duvessa
  4140 | D:6      | Reached skill level 1 in Evocations
  4153 | D:6      | Killed Dowan
  4157 | D:6      | Killed Eustachio
  4282 | D:6      | Reached XP level 9. HP: 66/81 MP: 10/10
  4308 | D:6      | Noticed Grinder
  4313 | D:6      | Killed Grinder
  4334 | D:6      | Reached skill level 9 in Axes
  4566 | Temple   | Entered the Ecumenical Temple
  4828 | D:7      | Noticed a kobold demonologist
  4832 | D:7      | Noticed a smoke demon
  4835 | D:7      | Reached ***** piety under Trog
  4837 | D:7      | Killed a kobold demonologist
  4996 | D:7      | Reached skill level 10 in Axes
  5066 | D:7      | Found a glowing silver altar of Zin.
  5270 | D:7      | Received a gift from Trog
  5287 | D:7      | Found a transporter.
  5475 | D:7      | Found a roughly hewn altar of Beogh.
  5481 | D:7      | Noticed a two-headed ogre
  5482 | D:7      | Reached XP level 10. HP: 91/91 MP: 12/12
  5489 | D:7      | Killed a two-headed ogre
  5504 | D:7      | Got a spiked scale mail
  5523 | D:7      | Identified the cursed +1 scale mail of Udinalu {rElec rC+
                  | Str+2} (You found it on level 7 of the Dungeon)
  5541 | D:7      | Found a transporter.
  5640 | D:8      | Noticed Erica
  5654 | D:8      | Killed Erica
  5654 | D:8      | Reached skill level 10 in Fighting
  5692 | D:8      | Reached skill level 11 in Axes
  6125 | D:8      | Found a staircase to the Lair.
  6596 | D:9      | Found a burning altar of Makhleb.
  6643 | D:9      | Reached skill level 5 in Dodging
  6693 | D:9      | Reached XP level 11. HP: 98/101 MP: 14/14
  6846 | D:9      | Found a shadowy altar of Dithmenos.
  6900 | D:9      | Received a gift from Trog
  6921 | D:9      | Noticed a two-headed ogre
  6931 | D:9      | Killed a two-headed ogre
  6931 | D:9      | Reached skill level 12 in Axes
  6931 | D:9      | Reached skill level 10 in Armour
  6969 | D:9      | Got a thick robe
  6990 | D:9      | Reached skill level 5 in Evocations
  7020 | D:9      | Noticed a two-headed ogre
  7024 | D:9      | Killed a two-headed ogre
  7093 | D:9      | Identified the cursed +0 robe of Noughts and Crosses
                  | {Str+4} (You found it on level 9 of the Dungeon)
  7142 | D:9      | Found a blossoming altar of Fedhas.
  8052 | D:10     | Entered Level 10 of the Dungeon
  8153 | D:10     | Noticed a two-headed ogre
  8163 | D:10     | Killed a two-headed ogre
  8489 | D:10     | Reached ****** piety under Trog
  8489 | D:10     | Reached XP level 12. HP: 103/112 MP: 16/16
  8491 | D:10     | Received a gift from Trog
  8686 | D:10     | Found a portal to a secret trove of treasure.
  9008 | D:11     | Noticed a two-headed ogre
  9012 | D:11     | Reached skill level 13 in Axes
  9015 | D:11     | Killed a two-headed ogre
  9636 | D:11     | Found Potism's Book Boutique.
 10023 | Lair:1   | Entered Level 1 of the Lair of Beasts
 10040 | Lair:1   | Received a gift from Trog
 10332 | Lair:1   | Noticed Sonja
 10335 | Lair:1   | Noticed Sonja
 10335 | Lair:1   | Sonja changed into Sonja the meliai
 10341 | Lair:1   | Cast into level 1 of the Abyss (Sonja)
 10459 | Abyss:1  | Noticed a great orb of eyes
 10466 | Abyss:1  | Killed a great orb of eyes
 10486 | Abyss:1  | Noticed a starcursed mass
 10496 | Abyss:1  | Killed a starcursed mass
 10496 | Abyss:1  | Killed a starcursed mass
 10516 | Abyss:1  | Noticed a tentacled starspawn
 10522 | Abyss:1  | Killed a tentacled starspawn
 10522 | Abyss:1  | Reached skill level 14 in Axes
 10531 | Abyss:1  | Noticed a cyan very ugly thing
 10533 | Abyss:1  | Noticed a cyan very ugly thing
 10535 | Abyss:1  | Noticed a cyan very ugly thing
 10536 | Abyss:1  | Noticed a bone dragon
 10539 | Abyss:1  | Slain by a bone dragon

Skill      XL: |  1  2  3  4  5  6  7  8  9 10 11 12 |
---------------+-------------------------------------+-----
Fighting       | 4 5 6 7 9 10 11 13 | 13.0
Armour         | 3 4 5 6 8 9 10 11 | 11.9
Axes           | 5 6 7 8 10 11 12 14 | 14.0
Dodging        | 2 3 4 5 6 |  6.5
Evocations     | 1 3 4 5 6 |  6.6

Action                   |  1- 3 |  4- 6 |  7- 9 | 10-12 || total
-------------------------+-------+-------+-------+-------++-------
Melee: Hand axe          |    97 |   226 |   243 |   274 ||   840
       Battleaxe         |       |       |       |   151 ||   151
       Executioner's axe |       |       |       |    65 ||    65
Invok: Berserk           |     1 |     4 |     2 |     5 ||    12
       Brothers in Arms  |       |       |     1 |     5 ||     6
       Trog's Hand       |       |       |       |     4 ||     4
Evoke: Wand              |       |       |       |     2 ||     2
  Use: Scroll            |       |     6 |     2 |    11 ||    19
 Stab: Sleeping          |     1 |       |       |       ||     1
  Eat: Chunk             |     1 |    11 |    10 |    25 ||    47
Armor: Animal skin       |    21 |    18 |       |       ||    39
       Ring mail         |       |    89 |    26 |       ||   115
       Plate armour      |       |       |    98 |     4 ||   102
       Scale mail        |       |       |       |   205 ||   205
       Robe              |       |       |       |    19 ||    19
Dodge: Dodged            |    66 |   126 |    87 |   278 ||   557
